General information
- name: BNet
- type: Ladder team game (AT/RT)
- host: Battle.net
- saver: Nigersaurus
map: LostTemple
- players: 4
- length: 26:19
- speed: Fast
- version: 1.21 W3XP
- replay type: Public
» download(166 KB)
Players
team 1 (winner)
MrFrosty (
yellow | 93 APM | 2459 actions | 26:19)
4 Archmage
2 Blizzard
2 Brilliance Aura
3 Mountain King
2 Storm Bolt
1 Bash
1 Paladin
1 Holy Light
» actions
| Assign group hotkey | 21 | |
| Basic commands | 91 | |
| Build / train | 123 | |
| ESC pressed | 2 | |
| Enter build submenu | 63 | |
| Enter hero's abilities submenu | 8 | |
| Give item / drop item | 2 | |
| Right click | 1133 | |
| Select / deselect | 491 | |
| Select group hotkey | 320 | |
| Use ability | 205 | |
2459 total
» units
| Peasant | 43 | |
| Priest | 2 | |
| Goblin Shredder | 1 | |
| Sorceress | 2 | |
48 total
» upgrades
| Masonry | 3 | |
| Sorceress Training | 2 | |
| Magic Sentry | 1 | |
| Lumber Harvesting | 1 | |
| Priest Training | 1 | |
| Backpack | 1 | |
9 total
» buildings
| Altar of Kings | 1 | |
| Scout Tower | 66 | |
| Farm | 5 | |
| Lumber Mill | 2 | |
| Arcane Tower | 9 | |
| Guard Tower | 27 | |
| Keep | 1 | |
| Arcane Sanctum | 1 | |
| Town Hall | 2 | |
| Castle | 1 | |
| Arcane Vault | 2 | |
117 total
» build order
00:09 Altar of Kings
00:25 Scout Tower
00:35 Farm
00:45 Lumber Mill
00:53 Arcane Tower
01:23 Farm
01:31 Scout Tower
01:54 Scout Tower
02:21 Arcane Tower
02:22 Scout Tower
02:31 Guard Tower
02:49 Guard Tower
03:46 Scout Tower
03:47 Scout Tower
04:16 Guard Tower
04:17 Scout Tower
04:22 Scout Tower
04:49 Arcane Tower
04:56 Arcane Tower
05:17 Scout Tower
05:21 Scout Tower
05:45 Scout Tower
05:47 Guard Tower
05:50 Scout Tower
05:58 Guard Tower
06:02 Scout Tower
06:06 Farm
06:23 Guard Tower
06:25 Scout Tower
06:31 Guard Tower
06:32 Scout Tower
06:39 Scout Tower
06:41 Scout Tower
06:50 Arcane Tower
06:53 Guard Tower
07:21 Guard Tower
07:39 Keep
07:43 Scout Tower
07:44 Scout Tower
07:48 Farm
08:54 Guard Tower
10:46 Scout Tower
10:48 Scout Tower
10:49 Scout Tower
11:08 Arcane Sanctum
11:11 Guard Tower
11:14 Guard Tower
11:17 Scout Tower
11:19 Guard Tower
11:22 Scout Tower
11:46 Arcane Tower
11:54 Guard Tower
12:38 Scout Tower
12:39 Scout Tower
12:44 Scout Tower
12:45 Scout Tower
13:38 Town Hall
13:44 Guard Tower
13:46 Scout Tower
13:48 Scout Tower
13:53 Guard Tower
14:22 Arcane Tower
14:23 Guard Tower
15:47 Scout Tower
16:15 Guard Tower
16:55 Castle
16:58 Scout Tower
16:59 Scout Tower
17:02 Scout Tower
17:03 Scout Tower
17:15 Farm
17:26 Guard Tower
17:40 Guard Tower
17:44 Scout Tower
17:46 Scout Tower
17:49 Scout Tower
17:51 Scout Tower
18:51 Scout Tower
18:52 Scout Tower
18:53 Scout Tower
18:55 Scout Tower
18:56 Scout Tower
18:56 Scout Tower
19:12 Arcane Tower
19:15 Guard Tower
19:21 Arcane Vault
19:28 Scout Tower
19:56 Scout Tower
20:10 Guard Tower
20:13 Scout Tower
20:14 Scout Tower
20:20 Arcane Tower
21:23 Guard Tower
21:31 Lumber Mill
21:36 Scout Tower
21:37 Scout Tower
21:37 Scout Tower
21:39 Scout Tower
21:40 Scout Tower
21:40 Scout Tower
21:58 Guard Tower
22:09 Scout Tower
22:11 Scout Tower
22:12 Scout Tower
22:13 Scout Tower
22:13 Scout Tower
22:14 Scout Tower
22:15 Scout Tower
22:17 Guard Tower
24:12 Guard Tower
24:29 Guard Tower
24:33 Arcane Vault
24:42 Town Hall
24:51 Scout Tower
24:56 Scout Tower
24:57 Scout Tower
24:57 Scout Tower
» items
| Staff of Teleportation | 3 | |
| Boots of Speed | 3 | |
| Potion of Healing | 3 | |
| Healing Salve | 1 | |
| Orb of Lightning | 3 | |
| Scroll of Town Portal | 1 | |
| Staff of Sanctuary | 2 | |
| Periapt of Vitality | 1 | |
17 total
Nigersaurus (
green | 110 APM | 2886 actions | 26:19)
5 Blademaster
3 Wind Walk
2 Critical Strike
4 Far Seer
2 Feral Spirit
2 Chain Lighting
» actions
| Assign group hotkey | 21 | |
| Basic commands | 21 | |
| Build / train | 84 | |
| ESC pressed | 3 | |
| Enter build submenu | 73 | |
| Enter hero's abilities submenu | 9 | |
| Give item / drop item | 3 | |
| Right click | 1380 | |
| Select / deselect | 277 | |
| Select group hotkey | 772 | |
| Use ability | 243 | |
2886 total
» units
| Peon | 22 | |
| Troll Batrider | 11 | |
| Goblin Zeppelin | 3 | |
36 total
» upgrades
| Liquid Fire | 1 | |
| Ranged Weapons | 2 | |
| Reinforced Defenses | 1 | |
| Armor | 1 | |
| Ensnare | 1 | |
| Envenomed Spears | 1 | |
7 total
» buildings
| Altar of Storms | 1 | |
| Orc Burrow | 3 | |
| War Mill | 1 | |
| Watch Tower | 56 | |
| Stronghold | 1 | |
| Voodoo Lounge | 2 | |
| Fortress | 1 | |
| Beastiary | 2 | |
| Great Hall | 1 | |
68 total
» build order
00:08 Altar of Storms
00:20 Orc Burrow
00:39 War Mill
01:27 Orc Burrow
01:57 Watch Tower
02:19 Watch Tower
02:27 Watch Tower
02:39 Watch Tower
02:53 Watch Tower
03:36 Watch Tower
03:56 Watch Tower
04:19 Stronghold
04:23 Voodoo Lounge
04:28 Watch Tower
05:25 Watch Tower
05:33 Voodoo Lounge
05:49 Watch Tower
06:02 Watch Tower
07:11 Watch Tower
07:18 Watch Tower
07:39 Watch Tower
08:17 Watch Tower
10:03 Fortress
10:48 Beastiary
10:49 Beastiary
10:52 Watch Tower
10:55 Great Hall
11:05 Orc Burrow
11:06 Watch Tower
11:57 Watch Tower
11:58 Watch Tower
12:03 Watch Tower
12:08 Watch Tower
13:41 Watch Tower
13:41 Watch Tower
15:46 Watch Tower
15:46 Watch Tower
16:15 Watch Tower
16:15 Watch Tower
16:59 Watch Tower
17:00 Watch Tower
17:47 Watch Tower
17:47 Watch Tower
17:51 Watch Tower
17:52 Watch Tower
17:56 Watch Tower
18:41 Watch Tower
18:42 Watch Tower
21:26 Watch Tower
21:27 Watch Tower
21:27 Watch Tower
21:28 Watch Tower
22:08 Watch Tower
22:09 Watch Tower
22:58 Watch Tower
23:00 Watch Tower
23:01 Watch Tower
23:01 Watch Tower
24:34 Watch Tower
24:34 Watch Tower
24:35 Watch Tower
24:35 Watch Tower
24:36 Watch Tower
24:37 Watch Tower
24:38 Watch Tower
24:38 Watch Tower
24:39 Watch Tower
24:39 Watch Tower
» items
| Staff of Teleportation | 2 | |
| Boots of Speed | 2 | |
| Healing Salve | 3 | |
| Lesser Clarity Potion | 8 | |
| Scroll of Speed | 3 | |
| Potion of Healing | 3 | |
| Potion of Mana | 2 | |
| Orb of Lightning | 2 | |
| Circlet of Nobility | 1 | |
| Tiny Great Hall | 1 | |
27 total
team 2 (loser)
ne. (
orange | 83 APM | 2193 actions | 26:18)
5 Demon Hunter
3 Mana Burn
2 Evasion
2 Keeper of the Grove
1 Entangling Roots
1 Thorns Aura
» actions
| Assign group hotkey | 32 | |
| Basic commands | 212 | |
| Build / train | 74 | |
| ESC pressed | 1 | |
| Enter build submenu | 25 | |
| Enter hero's abilities submenu | 7 | |
| Right click | 1035 | |
| Select / deselect | 631 | |
| Select group hotkey | 103 | |
| Use ability | 73 | |
2193 total
» units
| Wisp | 24 | |
| Huntress | 12 | |
| Glaive Thrower | 2 | |
| Goblin Zeppelin | 2 | |
| Druid of the Claw | 3 | |
| Dryad | 4 | |
47 total
» upgrades
| Moon Armor | 1 | |
| Strength of the Moon | 1 | |
| Druid of the Claw Training | 2 | |
| Nature's Blessing | 1 | |
| Reinforced Hides | 2 | |
| Strength of the Wild | 1 | |
| Abolish Magic | 1 | |
9 total
» buildings
| Altar of Elders | 1 | |
| Moon Well | 4 | |
| Hunter's Hall | 1 | |
| Ancient of War | 2 | |
| Tree of Ages | 1 | |
| Ancient of Lore | 3 | |
| Tree of Life | 1 | |
| Ancient of Wonders | 1 | |
| Tree of Eternity | 1 | |
| Ancient Protector | 8 | |
23 total
» build order
00:10 Altar of Elders
00:20 Moon Well
01:42 Hunter's Hall
01:46 Ancient of War
02:02 Moon Well
03:26 Moon Well
03:29 Ancient of War
03:55 Moon Well
05:45 Tree of Ages
11:35 Ancient of Lore
11:38 Ancient of Lore
12:28 Tree of Life
13:04 Ancient of Wonders
13:06 Tree of Eternity
13:27 Ancient Protector
13:29 Ancient Protector
13:33 Ancient Protector
18:06 Ancient Protector
18:27 Ancient Protector
18:30 Ancient Protector
18:58 Ancient Protector
19:03 Ancient Protector
19:20 Ancient of Lore
» items
| Scroll of Town Portal | 3 | |
| Orb of Venom | 3 | |
6 total
UDKILLA (
red | 128 APM | 3356 actions | 26:17)
3 Blademaster
2 Wind Walk
1 Critical Strike
3 Shadow Hunter
1 Hex
2 Healing Wave
» actions
| Assign group hotkey | 43 | |
| Basic commands | 329 | |
| Build / train | 93 | |
| ESC pressed | 3 | |
| Enter build submenu | 27 | |
| Enter hero's abilities submenu | 6 | |
| Give item / drop item | 5 | |
| Right click | 1066 | |
| Select / deselect | 471 | |
| Select group hotkey | 1144 | |
| Use ability | 169 | |
3356 total
» units
| Peon | 19 | |
| Grunt | 7 | |
| Raider | 6 | |
| Demolisher | 4 | |
| Troll Batrider | 2 | |
| Troll Witch Doctor | 4 | |
| Tauren | 1 | |
| Wind Rider | 1 | |
| Goblin Zeppelin | 1 | |
45 total
» upgrades
| Berserker Strength | 1 | |
| Ensnare | 1 | |
| Pillage | 1 | |
| Backpack | 1 | |
| Ranged Weapons | 1 | |
| Witch Doctor Training | 2 | |
| Reinforced Defenses | 1 | |
| Liquid Fire | 1 | |
| Envenomed Spears | 1 | |
10 total
» buildings
| Altar of Storms | 1 | |
| Orc Burrow | 6 | |
| Barracks | 1 | |
| Voodoo Lounge | 1 | |
| Stronghold | 1 | |
| Beastiary | 3 | |
| War Mill | 1 | |
| Watch Tower | 8 | |
| Great Hall | 2 | |
| Fortress | 3 | |
| Spirit Lodge | 1 | |
| Tauren Totem | 1 | |
29 total
» build order
00:07 Altar of Storms
00:19 Orc Burrow
00:36 Barracks
01:37 Orc Burrow
02:00 Voodoo Lounge
03:12 Stronghold
04:59 Orc Burrow
05:33 Beastiary
05:36 Beastiary
07:42 Orc Burrow
08:10 War Mill
11:07 Watch Tower
11:09 Watch Tower
11:11 Watch Tower
12:04 Great Hall
12:47 Great Hall
13:13 Watch Tower
13:48 Fortress
13:48 Fortress
14:36 Watch Tower
14:50 Orc Burrow
14:51 Spirit Lodge
16:18 Tauren Totem
17:13 Watch Tower
17:15 Watch Tower
19:27 Beastiary
19:31 Watch Tower
22:40 Orc Burrow
» items
| Lesser Clarity Potion | 9 | |
| Scroll of Speed | 2 | |
| Scroll of Town Portal | 3 | |
| Orb of Lightning | 1 | |
| Potion of Mana | 1 | |
| Potion of Healing | 2 | |
| Potion of Lesser Invulnerability | 1 | |
| Scroll of Healing | 2 | |
| Healing Salve | 1 | |
22 total
Chat log
(00:04 / Allies) Nigersaurus: mm
(00:14 / Allies) Nigersaurus: we have plaeyd these fags before
(00:15 / Allies) MrFrosty: havent played a lt in a while
(00:22 / Allies) MrFrosty: i thought we might have
(00:30 / Allies) Nigersaurus: unkilla for sure
(00:32 / Allies) Nigersaurus: i think ne too
(01:03 / Allies) MrFrosty: also straight up ramps for me is a bad idea in 2s
(01:06 / Allies) MrFrosty: in 1s its fine
(01:09 / Allies) MrFrosty: but this could be ugh
(01:18 / Allies) Nigersaurus: i do it all the time
(01:32 / Allies) Nigersaurus: i also get raped early alot tho\
(01:42 / Allies) MrFrosty: wisp
(01:42 / Allies) MrFrosty: scout
(02:06 / Allies) Nigersaurus: peon scout
(02:56 / Allies) Nigersaurus: omw
(04:50 / Allies) Nigersaurus: gold me
(06:17 / Allies) Nigersaurus: kinda tempted to fs it up
(06:22 / Allies) Nigersaurus: lots of creeps
(06:26 / Allies) Nigersaurus: and they didnt creep much yet
(06:57 / Allies) MrFrosty: raiders etc
(07:03 / Allies) MrFrosty: or mebe wyvs
(07:44 / Allies) MrFrosty: drop
(08:01 / Allies) MrFrosty: t t
(08:03 / Allies) MrFrosty: oh they are or have crept the mid
(09:21 / Allies) MrFrosty: FUCK OFF
(09:24 / Allies) MrFrosty: i hit potion
(10:06 / Allies) MrFrosty: base is fucked
(11:18 / Allies) Nigersaurus: intsene
(11:31 / Allies) Nigersaurus: fs was really helpful surprisingly
(11:37 / Allies) MrFrosty: tbh yeah
(11:38 / Allies) Nigersaurus: got lvl 2 and chain killed like 3 things
(11:49 / Allies) Nigersaurus: no expo there also
(13:12 / Allies) Nigersaurus: creep it
(14:34 / Allies) Nigersaurus: ?
(14:38 / Allies) MrFrosty: oh god
(18:25 / Allies) MrFrosty: owned.
(19:45 / Allies) MrFrosty: zepp to someqheere
(20:03 / Allies) Nigersaurus: maybe island
(21:51 / Allies) Nigersaurus: i got gay scroll from top
(21:58 / Allies) Nigersaurus: invis me plz
(22:06 / Allies) MrFrosty: u have control
(22:11 / Allies) Nigersaurus: o
(22:35 / Allies) MrFrosty: own the sh?
(22:51 / Allies) Nigersaurus: omw
(23:33 / Allies) Nigersaurus: 2ez
(23:35 / All) Nigersaurus: 2ez
(23:59 / Allies) Nigersaurus: no way
(24:04 / Allies) MrFrosty: hit tp
(24:04 / Allies) MrFrosty: tt
(24:21 / Allies) Nigersaurus: had no tp
(24:24 / Allies) Nigersaurus: need some staves imo
(24:28 / Allies) Nigersaurus: ugh
(24:42 / Allies) Nigersaurus: got any wood
(24:44 / Allies) Nigersaurus: im at max food
(24:55 / Allies) Nigersaurus: gonna blow up on bottom creeps
(24:58 / Allies) Nigersaurus: then get shredder
(25:36 / Allies) Nigersaurus: goddd
(26:04 / Allies) Nigersaurus: lol